 Dungeon Crawl Stone Soup version 0.21-a0-215-g0631661 (webtiles) character file.

19889 namelastname112 the Summoner (level 12, -5/162 HPs)
             Began as a Pale Draconian Summoner on Aug 23, 2017.
             Was a Follower of Ashenzari.
             Slain by a water elemental (8 damage)
             ... on level 14 of the Dungeon.
             The game lasted 00:40:59 (18232 turns).

namelastname112 the Summoner (DrSu)                Turns: 18232, Time: 00:41:00

Health: -5/162     AC: 32    Str: 17    XL:     12   Next: 40%
Magic:  14/24      EV:  2    Int: 21    God:    Ashenzari [*.....]
Gold:   524        SH:  0    Dex: 18    Spells: 15/28 levels left

rFire    . . .     SeeInvis .   N - +3 trident of the Unspeakable One {drain, Str+6 Int-3}
rCold    . . .     Gourm    .   (no shield)
rNeg     + + +     Faith    .   (armour unavailable)
rPois    +         Spirit   .   (helmet currently unavailable)
rElec    .         Reflect  .   (cloak currently unavailable)
rCorr    +         Harm     .   (gloves currently unavailable)
MR       .....     NoTele   +   (boots currently unavailable)
Stlth    +++.......             U - amulet of rage
HPRegen  0.37/turn              i - +6 ring of protection
MPRegen  0.19/turn              D - ring of resist corrosion

@: brilliant, agile, tree-form, engulfed, studying Fighting
A: (breathe steam), unfitting armour, AC +8
a: Curse Item, Scrying, Renounce Religion, Evoke Berserk Rage


You were on level 14 of the Dungeon.
You worshipped Ashenzari.
Ashenzari was aware of your devotion.
You were not hungry.
You were a tree.
You visited 2 branches of the dungeon, and saw 15 of its levels.
You also visited: Sewer, Bailey and Ice Cave.

You collected 795 gold pieces.
You spent 271 gold pieces at shops.

Inventory:

Hand Weapons
 N - the +3 trident of the Unspeakable One (weapon) {drain, Str+6 Int-3}
   (You found it on level 8 of the Dungeon)

   A truly terrible weapon, it drains the life of those it strikes.
   It affects your strength (+6).
   It affects your intelligence (-3).
 V - the cursed +2 executioner's axe of Recklessness {vamp, +Blink +Fly Stlth+}
   (You found it in a bailey)

   It inflicts no extra harm, but heals its wielder when it wounds a living foe.
   It lets you fly.
   It lets you blink.
   It makes you more stealthy.
   It has a curse placed upon it.
Armour
 C - a +2 pair of boots (melded)
 I - a +1 pair of gloves (melded)
Jewellery
 d - an uncursed ring of fire
 i - a +6 ring of protection (left branch)
 D - a ring of resist corrosion (right branch)
 M - an uncursed ring of fire
 U - an amulet of rage (around neck)
Wands
 v - a wand of scattershot (2/9)
 y - a wand of confusion (14/48)
 z - a wand of iceblast (1/15)
 G - a wand of random effects (38/48)
 O - a wand of iceblast (15/15)
 Q - a wand of iceblast (6/15)
 R - a wand of confusion (39/48)
 X - a wand of polymorph (5/24)
Scrolls
 k - 7 scrolls of remove curse
 m - 2 scrolls of fog
 r - 3 scrolls of enchant armour
 s - a scroll of recharging
 u - 2 scrolls of magic mapping
 H - a scroll of amnesia
 T - a scroll of summoning
Potions
 c - a potion of ambrosia
 h - a potion of resistance
 j - 2 potions of brilliance
 o - a potion of invisibility {unknown}
 p - 2 potions of agility
 q - 3 potions of haste
 w - a potion of flight
 B - 4 potions of magic
 F - a potion of lignification
 J - a potion of berserk rage {unknown}
 Y - a potion of might
Books
 a - a book of Callings

   Spells                             Type                      Level
   a - Summon Small Mammal            Summoning                    1
   b - Call Imp                       Summoning                    2
   c - Call Canine Familiar           Summoning                    3
   d - Summon Guardian Golem          Hexes/Summoning              3
   e - Summon Lightning Spire         Summoning/Air                4
   f - Summon Ice Beast               Ice/Summoning                4
 A - a book of Cantrips

   Spells                             Type                      Level
   a - Confusing Touch                Hexes                        1
   b - Animate Skeleton               Necromancy                   1
   c - Summon Small Mammal            Summoning                    1
   d - Apportation                    Translocation                1
 L - a book of Battle

   Spells                             Type                      Level
   a - Infusion                       Charms                       1
   b - Shroud of Golubria             Charms/Translocation         2
   c - Song of Slaying                Charms                       2
   d - Spectral Weapon                Hexes/Charms                 3
   e - Regeneration                   Charms/Necromancy            3
 P - the Reference Book on the Helpful Volcanoes
   (You found it on level 10 of the Dungeon)

   Spells                             Type                      Level
   a - Infusion                       Charms                       1
   b - Regeneration                   Charms/Necromancy            3
   c - Spectral Weapon                Hexes/Charms                 3
   d - Excruciating Wounds            Charms/Necromancy            5
   e - Bolt of Fire                   Conjuration/Fire             6
 S - namelastname112's Compendium of Vitriolic Dark Magic
   (You acquired it in a bailey)

   Spells                             Type                      Level
   a - Corpse Rot                     Necromancy                   2
   b - Ignite Poison                  Fire/Transmutation/Poison    3
   c - Alistair's Intoxication        Transmutation/Poison         5
 W - a manual of Fighting
Comestibles
 b - 8 bread rations
 n - 5 fruits


   Skills:
 + Level 10.9 Fighting
 + Level 8.9 Dodging
 - Level 1.7 Stealth
 + Level 8.8 Spellcasting
 * Level 13.3 Summonings


You had 15 spell levels left.
You knew the following spells:

 Your Spells              Type           Power        Failure   Level  Hunger
a - Summon Ice Beast      Ice/Summ       #####...     1%          4    ###....
c - Summon Lightning Spi  Summ/Air       #####...     1%          4    ###....
x - Call Canine Familiar  Summ           ######..     1%          3    None
z - Call Imp              Summ           ######..     1%          2    None


Dungeon Overview and Level Annotations

Branches:
Dungeon (14/15)            Temple (1/1) D:6            Lair (0/6) D:10
    Orc (0/2) D:10
 Vaults: D:13-14

Altars:
Ashenzari
Cheibriados
Dithmenos
Elyvilon
Fedhas
Gozag
Hepliaklqana
Kikubaaqudgha
Makhleb
Nemelex Xobeh
Okawaru
Qazlal
Ru
Sif Muna
Trog
Uskayaw
Vehumet
Wu Jian
Xom
Yredelemnul
Zin
The Shining One

Shops:
D:6 (   D:7 *   D:12 :!?   D:14 (

Annotations:
D:13 Rupert


Innate Abilities, Weirdness & Mutations

((You can breathe blasts of scalding, opaque steam.))
((Your pale cyan-grey scales are hard. (AC +8)))
You cannot fit into any form of body armour.
((You are cold-blooded and may be slowed by cold attacks.))


Message History

You regained 7 hp, and now have 8/108 hp.
You turn into a tree.
Your +1 pair of gloves melds into your body.
Your +2 pair of boots melds into your body.
Your roots penetrate the ground.
The water elemental hits you.
The water elemental engulfs you in water!
The water elemental hits you.
The five-headed hydra bites you but does no damage. x5
You now have 13/162 hp.
You cannot move.
Unknown command.
Unknown command.
It was a potion of agility.
You feel agile all of a sudden.
The skeletal warrior hits you from afar with a trident of freezing!
* * * LOW HITPOINT WARNING * * *
The skeletal warrior freezes you.
* * * LOW HITPOINT WARNING * * *
The water elemental hits you. The water elemental hits you!
You die...

.≈♣ ≈.≈≈≈≈ .≈≈
..≈...≈≈....≈.≈.≈.
≈≈≈≈≈≈≈≈≈.≈≈≈≈≈.≈≈ #
♣≈≈≈♣ ♣≈≈≈♣ ♣≈.≈♣ #≈
♣≈≈≈♣ ♣≈.≈♣ ♣≈≈≈♣
#≈≈♣♣♣≈.≈♣♣♣≈≈≈♣♣♣≈.≈♣
#.≈≈≈≈Ez≈≈≈≈≈≈≈≈≈≈≈≈≈≈
#≈≈≈≈♣Ez≈..≈..≈......≈
#####.Dz..............
##################


You could see a five-headed hydra, 3 skeletal warriors and 2 water elementals.

Vanquished Creatures
  An ogre mage (D:11)
  A centaur warrior (D:12)
  4 two-headed ogres
  Nergalle (D:11)
  The ghost of namelastname112 the Summoner, a novice DrSu of Ashenzari (D:7)
  A wolf spider zombie (D:12)
  A deep elf mage (D:12)
  A manticore (D:11)
  2 ice statues (IceCv)
  A centaur skeleton (D:10)
  3 trolls
  2 hippogriffs
  A wraith (D:11)
  4 yaks (D:10)
  The ghost of namelastname112 the Caller, an amateur DrSu (D:3)
  Menkaure (D:5)
  A steam dragon (D:10)
  A vampire mosquito (D:12)
  5 ice beasts
  3 sky beasts
  4 orc warriors
  A black bear (D:8)
  2 phantoms
  An eye of draining (D:12)
  7 ogres
  4 centaurs
  2 crocodiles
  2 big kobolds
  5 bullfrogs
  A water moccasin zombie (D:8)
  2 killer bees (D:8)
  9 wights
  9 crimson imps
  3 centaur zombies
  A bullfrog zombie (D:8)
  2 quasits
  3 jellies
  4 hounds
  7 orc wizards
  A bullfrog skeleton (D:12)
  6 iguanas
  3 worker ants
  A hound skeleton (D:10)
  3 howler monkey zombies
  4 gnolls
  A worker ant zombie (D:8)
  8 adders
  A shadow imp (D:5)
  3 white imps (IceCv)
  An ooze (shapeshifter) (D:12)
  2 oozes
  An adder zombie (D:6)
  2 dart slugs (D:3)
  2 leopard geckos
  26 orcs
  9 ball pythons
  4 bats
  3 giant cockroaches
  6 hobgoblins
  10 jackals
  3 quokkas
  5 frilled lizards
  2 giant cockroach zombies (D:6)
  4 goblins
  17 kobolds
  A quokka skeleton (D:6)
  9 rats
243 creatures vanquished.

Vanquished Creatures (collateral kills)
  The ghost of KristoblXynda the Protected, a journeyman HOGl of Beogh (IceCv)
  A hydra (D:11)
  3 two-headed ogres
  The ghost of namelastname112 the Summoner, a novice DrSu of Ashenzari (D:10)
  An unseen horror (D:11)
  An ugly thing (D:11)
  A manticore (D:11)
  A cyclops (D:11)
  7 ice devils (IceCv)
  A komodo dragon (D:12)
  A troll (D:10)
  A hornet (D:9)
  A slime creature (D:12)
  Grinder (D:6)
  A hippogriff (D:12)
  A yak (D:10)
  2 vampires (D:12)
  Eustachio (D:5)
  8 orc warriors
  2 phantoms
  4 ogres
  7 centaurs
  A big kobold (D:9)
  A bullfrog (D:8)
  A wyvern skeleton (D:11)
  A scorpion (D:9)
  A killer bee (D:8)
  4 wights
  A hound (D:4)
  4 orc priests
  2 iguanas
  2 orc wizards (D:9)
  2 worker ants (D:4)
  4 adders
  3 gnolls
  6 white imps (IceCv)
  7 ufetubi (IceCv)
  2 worms
  An adder skeleton (D:4)
  23 orcs
  2 giant cockroaches
  A goblin (D:1)
  A hobgoblin (D:3)
  5 jackals
  11 kobolds
  A frilled lizard (D:4)
  A plant (Sewer)
136 creatures vanquished.

Vanquished Creatures (others)
  2 white imps (IceCv)
  2 ufetubi
  An orc (D:10)
  2 kobolds (D:10)
  A plant (Sewer)
8 creatures vanquished.

Grand Total: 387 creatures vanquished

Notes
Turn   | Place    | Note
-------+----------+-------------------------------------------
     0 | D:1      | namelastname112 the Draconian Summoner began the quest for the Orb.
     0 | D:1      | Reached XP level 1. HP: 14/14 MP: 3/3
   446 | D:1      | Reached XP level 2. HP: 22/22 MP: 5/5
   450 | D:1      | Learned a level 2 spell: Call Imp
   507 | D:1      | Reached skill level 1 in Fighting
   789 | D:1      | epen: https://2ch.hk/b/src/159609450/15034225791960.jpg
   972 | D:2      | Reached XP level 3. HP: 28/28 MP: 1/6
   977 | D:2      | Learned a level 3 spell: Call Canine Familiar
  1767 | D:3      | Noticed namelastname112's ghost (amateur DrSu)
  1773 | D:3      | epen: https://2ch.hk/b/src/159629278/15034412285800.webm
  1773 | D:3      | epen: сука
  1970 | D:2      | epen: вот кто так дерётся нахуй?
  2105 | D:3      | Reached XP level 4. HP: 17/36 MP: 4/7
  2212 | D:3      | Found a sacrificial altar of Ru.
  2268 | D:3      | namelastname112: пидоры
  2577 | D:4      | Noticed a phantom
  2595 | D:4      | Killed a phantom
  2595 | D:4      | Reached skill level 5 in Summonings
  2595 | D:4      | Reached XP level 5. HP: 27/42 MP: 1/9
  2889 | D:4      | Found a glowing drain.
  2930 | Sewer    | Entered a sewer
  3087 | Sewer    | epen: вот блять
  3091 | Sewer    | epen: https://2ch.hk/b/src/159629278/15034415204890.webm
  3149 | Sewer    | epen: нахуй тебе такой вес, если ты им не пользуешься?
  4161 | D:4      | Reached XP level 6. HP: 22/50 MP: 6/10
  4436 | D:5      | Entered Level 5 of the Dungeon
  4461 | D:5      | Found a hazy altar of Hepliaklqana.
  4469 | D:5      | Noticed Eustachio
  4488 | D:5      | Killed Eustachio
  4488 | D:5      | Reached skill level 6 in Summonings
  4633 | D:5      | Found an iron altar of Okawaru.
  4938 | D:5      | Noticed Menkaure
  4948 | D:5      | Your scales start taking on a pale cyan-grey colour.
  4948 | D:5      | Reached XP level 7. HP: 39/57 MP: 2/12
  4949 | D:5      | Killed Menkaure
  5609 | D:3      | Found a shadowy altar of Dithmenos.
  5683 | D:3      | Killed namelastname112's ghost
  5683 | D:3      | Reached skill level 7 in Summonings
  5991 | D:6      | Learned a level 4 spell: Summon Lightning Spire
  6007 | D:6      | Noticed Grinder
  6026 | D:6      | Paralysed by Grinder for 4 turns
  6027 | D:6      | Killed Grinder
  6027 | D:6      | Reached XP level 8. HP: 66/67 MP: 6/14
  6097 | D:6      | Found a staircase to the Ecumenical Temple.
  6178 | Temple   | Entered the Ecumenical Temple
  6398 | D:6      | Found Ofuyl Jyese's Antique Weapon Shoppe.
  6429 | D:6      | Bought a runed rapier for 161 gold pieces
  6438 | D:6      | Found a glowing silver altar of Zin.
  6439 | D:6      | Noticed an angel
  6463 | D:6      | Found a shimmering altar of Xom.
  6763 | D:7      | Noticed namelastname112's ghost (novice DrSu)
  6860 | D:7      | Killed namelastname112's ghost
  6860 | D:7      | Reached skill level 5 in Fighting
  6860 | D:7      | Reached skill level 8 in Summonings
  6913 | D:7      | Found Zupt's Assorted Antiques.
  6931 | D:7      | Bought a scroll labeled KECUHE GOGURPHE for 24 gold pieces
  6931 | D:7      | Bought a black potion for 21 gold pieces
  7038 | D:7      | Found a sparkling altar of Nemelex Xobeh.
  7156 | D:7      | Noticed a hippogriff
  7169 | D:7      | Killed a hippogriff
  7169 | D:7      | Reached skill level 5 in Dodging
  7169 | D:7      | Reached skill level 5 in Spellcasting
  7169 | D:7      | Reached XP level 9. HP: 55/75 MP: 8/16
  7440 | D:7      | Found a stormy altar of Qazlal.
  7928 | D:8      | Reached skill level 9 in Summonings
  8046 | D:8      | Found an opulent altar of Gozag.
  8047 | D:8      | Found a stormy altar of Qazlal.
  8047 | D:8      | Found a hide-covered altar of Uskayaw.
  8052 | D:8      | Found a shattered altar of Ashenzari.
  8054 | D:8      | Found a basalt altar of Yredelemnul.
  8055 | D:8      | Found a glowing golden altar of the Shining One.
  8057 | D:8      | Got a smoking trident
  8063 | D:8      | Became a worshipper of Ashenzari the Shackled
  8064 | D:8      | Identified the +3 trident of the Unspeakable One {drain, Str+6 Int-3} (You found it on level 8 of the Dungeon)
  8604 | D:9      | Learned a level 4 spell: Summon Ice Beast
  8789 | D:9      | Noticed a troll
  8798 | D:9      | Killed a troll
  8922 | D:9      | Noticed a troll
  8929 | D:9      | Killed a troll
  9470 | D:10     | Entered Level 10 of the Dungeon
  9485 | D:10     | Noticed namelastname112's ghost (novice DrSu)
  9511 | D:10     | Reached XP level 10. HP: 78/86 MP: 14/19
  9535 | D:10     | Goblin1989: намир гостов наплодил опять. :)
  9637 | D:9      | Reached skill level 10 in Summonings
 10233 | D:10     | HP: 4/86 [poisoned by namelastname112's ghost]
 10239 | D:10     | HP: 4/86 [poisoned by namelastname112's ghost]
 10247 | D:10     | HP: 4/86 [poisoned by namelastname112's ghost]
 10987 | D:10     | Found a staircase to the Lair.
 11053 | D:10     | Found a staircase to the Orcish Mines.
 11057 | D:10     | Reached * piety under Ashenzari
 11264 | D:10     | Killed namelastname112's ghost
 11344 | D:10     | Identified the Reference Book on the Helpful Volcanoes
 11451 | D:11     | Noticed a cyan ugly thing
 11490 | D:11     | Noticed Nergalle
 11490 | D:11     | Noticed a two-headed ogre
 11490 | D:11     | Noticed a manticore
 11567 | D:11     | Killed a cyan ugly thing
 11567 | D:11     | Reached skill level 11 in Summonings
 11568 | D:11     | epen: Ростов на дону
 11643 | D:11     | Killed an unseen horror
 11732 | D:11     | Goblin1989: вы там чего, в города играете?
 11754 | D:10     | namelastname112: да он поехал опять прсото
 11927 | D:11     | Killed Nergalle
 11927 | D:11     | Reached XP level 11. HP: 91/95 MP: 3/21
 11938 | D:11     | Noticed a four-headed hydra
 12009 | D:11     | Killed a four-headed hydra
 12378 | D:11     | epen: https://2ch.hk/b/src/159629278/15034441955020.webm
 12405 | D:11     | epen: сука
 12497 | D:11     | epen: Вот нахуя он камнями кидается?
 12548 | D:11     | Goblin1989: кстати ермак этой электрической статуей от тех кто мутирует просто обожает закрываться
 12582 | D:11     | Goblin1989: типа эндгеймовый спелл
 12595 | D:11     | Killed a two-headed ogre
 12695 | D:11     | namelastname112: блять
 12695 | D:11     | namelastname112: даня
 12695 | D:11     | namelastname112: ты тян будишь своей хуйней
 12768 | D:11     | epen: Лол
 12821 | D:11     | epen: Так закутай её нахуй
 12832 | D:11     | epen: заебал
 12953 | D:11     | Noticed a two-headed ogre
 12954 | D:11     | Noticed an ogre mage
 12964 | D:11     | Killed a two-headed ogre
 13016 | D:11     | Noticed a two-headed ogre
 13023 | D:11     | Killed an ogre mage
 13023 | D:11     | Reached skill level 12 in Summonings
 13024 | D:11     | Killed a two-headed ogre
 13211 | D:12     | Found Jatyb's Distillery.
 13269 | D:12     | Found a flagged portal.
 13279 | D:12     | Noticed a deep elf mage
 13286 | Bailey   | Entered a bailey
 13375 | Bailey   | epen: блять
 13520 | Bailey   | epen: Картонки что ли пораскидывать
 14047 | Bailey   | Goblin1989: намир, дампани
 14162 | Bailey   | Got the cursed executioner's axe of Recklessness {vamp, +Blink +Fly Stlth+}
 14299 | Bailey   | Identified a scroll of acquirement
 14299 | Bailey   | Identified namelastname112's Compendium of Vitriolic Dark Magic (You acquired it in a bailey)
 14449 | Bailey   | Goblin1989: а почему паети у аша растет, если ни одной вещи не проклято?
 14557 | Bailey   | namelastname112: лол
 14557 | Bailey   | namelastname112: от проклятий просто быстрее
 14566 | D:12     | Killed a deep elf mage
 14603 | D:12     | Noticed a centaur warrior
 14612 | D:12     | Killed a centaur warrior
 14781 | D:12     | Found Vyxtaigi's Book Boutique.
 14789 | D:12     | Goblin1989: пока дамп читал пропустил что там за топорик был
 14808 | D:12     | Goblin1989: че там?
 14810 | D:12     | Noticed a two-headed ogre
 14810 | D:12     | Noticed a two-headed ogre
 14821 | D:12     | Killed a two-headed ogre
 14826 | D:12     | Killed a two-headed ogre
 14826 | D:12     | Reached skill level 10 in Fighting
 14826 | D:12     | Reached XP level 12. HP: 66/106 MP: 7/24
 15281 | D:12     | Bought a potion of heal wounds for 65 gold pieces
 15454 | D:12     | Noticed a two-headed ogre
 15461 | D:12     | Killed a two-headed ogre
 15831 | D:12     | Reached skill level 13 in Summonings
 15908 | D:12     | Found Ojein's Magic Scroll Emporium.
 15932 | D:12     | Noticed a two-headed ogre
 15942 | D:12     | Killed a two-headed ogre
 16117 | D:13     | Found a frozen archway.
 16123 | D:13     | epen: лол
 16125 | IceCv    | Entered an ice cave
 16125 | IceCv    | Noticed KristoblXynda's ghost (journeyman HOGl)
 16126 | IceCv    | epen: ммм
 16126 | IceCv    | namelastname112: блять
 16126 | IceCv    | epen: смайт
 16126 | IceCv    | Goblin1989: рукожоп антошка
 16126 | IceCv    | namelastname112: пизды даст
 16126 | IceCv    | epen: смайт
 16126 | IceCv    | epen: смайт
 16126 | IceCv    | namelastname112: да не умеет он смайтить
 16154 | IceCv    | Killed KristoblXynda's ghost
 16263 | IceCv    | Goblin1989: да антошка играть не умеет
 16263 | IceCv    | epen: ебать
 16290 | IceCv    | Goblin1989: не то что смайтить
 17456 | IceCv    | Goblin1989: вот где ванда файера какого-нибудь бы пригодилась
 17473 | IceCv    | Goblin1989: или спелл
 17774 | IceCv    | epen: Лол
 17774 | IceCv    | namelastname112: пиздец сука
 17774 | IceCv    | epen: холодно
 17774 | IceCv    | namelastname112: ебаные облака
 17781 | IceCv    | Goblin1989: огоньку не найдется?
 17791 | IceCv    | Goblin1989: кстати
 17792 | IceCv    | Noticed a reaper
 17792 | IceCv    | namelastname112: что за хуйня блять
 17792 | IceCv    | namelastname112: в смысле рипер нахуй
 17792 | IceCv    | epen: https://2ch.hk/b/src/159583563/15033998402281.webm
 17812 | IceCv    | Goblin1989: так айс кейв же
 17821 | IceCv    | Goblin1989: тут демоны спавнятся
 18038 | IceCv    | namelastname112: никогда рипера не видел
 18054 | D:13     | Noticed Rupert
 18058 | D:13     | Noticed a two-headed ogre
 18058 | D:13     | Paralysed by Rupert for 7 turns
 18060 | D:13     | Noticed a two-headed ogre
 18065 | D:13     | Goblin1989: лол
 18065 | D:13     | Goblin1989: гг
 18065 | D:13     | epen: зато катоблепаса на д5 видел
 18067 | D:13     | Noticed an eight-headed hydra
 18074 | D:13     | Noticed a centaur warrior
 18076 | D:13     | epen: теле давай
 18085 | D:13     | epen: если есть
 18132 | D:13     | epen: лол блять
 18143 | D:14     | Goblin1989: теле теперь же редкость
 18146 | D:14     | epen: ща как амнем
 18154 | D:14     | Goblin1989: это раньше ванда была
 18169 | D:14     | Goblin1989: сколько хочешь заряжай ее
 18189 | D:14     | Goblin1989: а теперь только свитки
 18190 | D:14     | Found Ufuylaar's Weapon Shoppe.
 18198 | D:14     | epen: http://crawl.xtahua.com/crawl/morgue/epen/morgue-epen-20170822-020312.txt
 18198 | D:14     | Noticed a five-headed hydra
 18214 | D:14     | epen: >23 теле
 18222 | D:14     | HP: 3/108 [water elemental (7)]
 18229 | D:14     | HP: 1/108 [five-headed hydra (4)]
 18232 | D:14     | namelastname112: пиздец
 18232 | D:14     | namelastname112: what a ride
 18232 | D:14     | Slain by a water elemental

Vault maps used:
D:1:      ncdulo_wetmaze, minmay_octomino_e4
D:2:      minivault_14, minivault_19, minmay_misc_feat_alley, minmay_cut_off
D:3:      nicolae_ru_path_of_blood, nicolae_dithmenos_through_a_glass_darkly
D:4:      cheibrodos_sewer_entry_sluice
D:5:      nicolae_overflow_hidden_temple, serial_park, serial_park_tiny_pond,
          serial_park_tiny_2, serial_park_avenue1, first_bread,
          okawaru_gym_becter, uniq_eustachio, uniq_menkaure
D:6:      grunt_temple_overflow_order_and_chaos_1, temple_pool_b, serial_shops,
          shop, grunt_decor_arrowhead, uniq_grinder
D:7:      lemuel_doored_altar, serial_shops, nicolae_shop_overgrown_old_shop,
          nicolae_qazlal_general_emergency
D:8:      grunt_temple_overflow_open
D:10:     lair_entry_dummy, orc_0_dummy
D:11:     grunt_ogre_cave, st_stairs_10, uniq_nergalle
D:12:     nooodl_glass_maze, enter_bailey_2, serial_shops, shop,
          nicolae_shop_window_shopping, shop, minmay_three_doors
D:13:     minmay_nested_s, serial_ice, serial_ice_m, serial_ice_f, serial_ice_k,
          serial_ice_h, portal_ice_cave_entry_ice_beasts, uniq_rupert
D:14:     grunt_vaults_entry_tiered, serial_shops, shop, shop, kennysheep_boxes,
          minivault_27, lemuel_another_geyser, uniq_agnes
Temple:   minmay_temple_curvy_loop
Sewer:    sewer_co_scattered_pipes
Bailey:   bailey_polearm_flooded_kennysheep, bailey
IceCv:    ice_cave_small_demon

Skill      XL: |  1  2  3  4  5  6  7  8  9 10 11 12 |
---------------+-------------------------------------+-----
Fighting       | 1 2 3 4 5 7 8 10 | 10.9
Dodging        | 2 3 4 5 6 7 8 |  8.9
Summonings     | 5 6 7 8 9 11 12 13 | 13.3
Spellcasting   | 3 4 5 6 7 8 |  8.8
Stealth        | |  1.7

Action                   |  1- 3 |  4- 6 |  7- 9 | 10-12 || total
-------------------------+-------+-------+-------+-------++-------
Melee: Dagger            |   218 |   260 |       |       ||   478
       Unarmed           |     4 |       |       |       ||     4
       Tailslap          |    18 |    28 |    41 |    48 ||   135
       Whip              |       |    83 |   101 |       ||   184
       Rapier            |       |       |   180 |       ||   180
       Trident           |       |       |    95 |   563 ||   658
 Cast: Summon Small Mamm |     4 |       |       |       ||     4
       Call Imp          |     6 |    14 |     6 |     2 ||    28
       Call Canine Famil |     4 |    15 |     7 |     8 ||    34
       Summon Lightning  |       |       |    10 |    61 ||    71
       Summon Ice Beast  |       |       |     1 |    72 ||    73
 Abil: Breathe Steam     |       |       |    22 |    48 ||    70
Evoke: Wand              |       |     1 |     1 |     3 ||     5
  Use: Scroll            |       |       |    17 |    15 ||    32
       Potion            |       |       |       |    16 ||    16
 Stab: Sleeping          |     1 |       |     7 |     5 ||    13
       Distracted        |       |     5 |     4 |     6 ||    15
  Eat: Chunk             |     4 |     9 |    15 |    18 ||    46
       Royal jelly       |       |     2 |       |     2 ||     4
       Meat ration       |       |       |     1 |     5 ||     6
       Bread ration      |       |       |       |     2 ||     2
Armor: Skin              |    88 |    89 |   178 |   369 ||   724
Dodge: Dodged            |   187 |   210 |   322 |   695 ||  1414

Table legend:
 A = Spawn XP
 B = Non-spawn XP
 C = Spawn XP percentage of total XP
 D = Spawn monster count
 E = Non-spawn monster count
 F = Spawn count percentage of total count
 G = Total turns spent on level
                    A         B        C        D         E        F      G
               +---------+---------+-------+---------+---------+-------+---------
         Total |    6196 |   22218 |  21.8 |      51 |     327 |  13.5 | 18232
               +---------+---------+-------+---------+---------+-------+---------
           D:1 |       3 |      34 |   8.1 |       2 |      22 |   8.3 |   966
           D:2 |       0 |      38 |   0.0 |       0 |      16 |   0.0 |  1007
           D:3 |       5 |     246 |   2.0 |       3 |      18 |  14.3 |   939
           D:4 |      10 |     224 |   4.3 |       1 |      13 |   7.1 |   768
           D:5 |       0 |     650 |   0.0 |       0 |      14 |   0.0 |  1147
           D:6 |      48 |     369 |  11.5 |       4 |      13 |  23.5 |   589
           D:7 |       0 |    1444 |   0.0 |       0 |      18 |   0.0 |   933
           D:8 |     171 |     987 |  14.8 |       3 |      21 |  12.5 |   928
           D:9 |     214 |    1237 |  14.7 |       6 |      31 |  16.2 |  1759
          D:10 |     553 |    2896 |  16.0 |       3 |      28 |   9.7 |  1313
          D:11 |    2949 |    5105 |  36.6 |      14 |      22 |  38.9 |  1470
          D:12 |    2243 |    4049 |  35.6 |      15 |      26 |  36.6 |  1707
         Sewer |       0 |      35 |   0.0 |       0 |      20 |   0.0 |  1108
        Bailey |       0 |    1655 |   0.0 |       0 |      39 |   0.0 |  1274
         IceCv |       0 |    3249 |   0.0 |       0 |      26 |   0.0 |  1916
               +---------+---------+-------+---------+---------+-------+---------
